Map: 오토메이턴 - 래더

Players

PartinG

  • Race: Protoss Protoss
  • League: Master
  • Spawn Location: 9:00

Stats - Winner!

  • Race: Protoss Protoss
  • League: Grandmaster
  • Spawn Location: 3:00

Event: IEM Season 13 - Katowice Server Qualifiers Asia 2

VOD

Have the link to the VOD?

Description

Time

  • Played on: Jan. 22, 2019, 5:37 a.m.
  • Length: 13:00

All games in this series

Show
View Real Time Build Order
Export as new Build Order

PartinG Protoss 

Build Orders: Zealot Archon, Dark Templar Rush 

Get SALT Encoding   

  12  0:00  Probe  
  13  0:12  Probe  
  14  0:18  Pylon  
  14  0:24  Probe  
  15  0:33  Probe  
  15  0:37  Gateway  
  15  0:41  Probe  
  16  0:47  Assimilator  
  17  0:50  Probe  
  17  0:56  Assimilator  
  18  0:58  Probe  
  19  1:06  Probe  
  20  1:12  Gateway  
  20  1:17  Probe  
  21  1:26  Cybernetics Core  
  21  1:29  Probe  
  22  1:41  Probe, Pylon  
  22  1:44  Warp Gate  
  23  2:03  Adept, Twilight Council  
  25  2:10  Adept  
  25  2:13  Probe  
  28  2:25  Pylon  
  28  2:26  Probe  
  28  2:38  Gateway  
  28  2:41  Dark Shrine  
  28  2:52  Gateway  
  28  2:57  Stalker  
  30  3:06  Stalker  
  32  3:18  Pylon  
  32  3:21  Shield Battery  
  32  3:33  Pylon  
  32  3:54  Dark Templar x3  
  32  4:31  Nexus  
  30  4:39  Dark Templar  
  30  4:40  Stalker  
  30  4:41  Stalker  
  36  5:03  Archon  
  36  5:07  Stalker x2  
  38  5:10  Probe  
  38  5:11  Stalker  
  43  5:24  Probe  
  43  5:27  Shield Battery  
  44  5:31  Stalker  
  46  5:36  Probe  
  46  5:41  Probe  
  46  5:44  Probe  
  46  5:49  Probe  
  48  5:52  Probe  
  50  6:00  Stalker x2  
  54  6:07  Probe  
  54  6:08  Probe  
  54  6:10  Stalker  
  56  6:15  Probe  
  55  6:20  Probe  
  55  6:24  Probe  
  57  6:32  Probe  
  47  6:34  Probe  
  47  6:37  Robotics Facility  
  46  6:40  Probe  
  46  6:42  Probe  
  48  6:48  Probe  
  48  6:50  Probe, Assimilator  
  48  6:52  Assimilator  
  48  6:58  Probe  
  48  6:59  Sentry x2, Zealot  
  48  7:00  Probe  
  56  7:06  Pylon  
  57  7:10  Probe  
  57  7:11  Phoenix  
  57  7:12  Probe  
  59  7:18  Forge  
  59  7:22  Observer  
  59  7:23  Probe  
  59  7:25  Probe  
  59  7:28  Pylon  
  62  7:30  Protoss Ground Weapons Level 1  
  62  7:31  Charge  
  62  7:35  Probe  
  62  7:36  Immortal  
  64  7:37  Probe  
  68  7:47  Gateway x2  
  68  7:57  Gateway  
  68  8:10  Nexus, Warp Prism  
  69  8:24  Probe x2  
  70  8:29  Templar Archives  
  70  8:35  Pylon  
  70  8:39  Probe x2  
  72  8:44  Dark Templar x3  
  78  8:53  Pylon  
  78  8:54  Pylon  
  78  9:05  Gateway  
  78  9:06  Shield Battery  
  78  9:12  Gateway  
  78  9:16  High Templar  
  78  9:17  High Templar  
  78  9:18  High Templar  
  78  9:19  Zealot x2  
  78  9:21  High Templar  
  88  9:26  Archon  
  88  9:27  Archon  
  88  9:28  Protoss Ground Weapons Level 2  
  88  9:29  Probe x3  
  91  9:45  High Templar x2  
  95  9:47  Probe x3  
  95  9:49  Archon  
  95  9:52  Zealot x3  
  104  9:53  Zealot  
  104  9:55  Assimilator  
  104  9:57  Assimilator  
  106  10:11  Zealot x2  
  106  10:12  Zealot x3  
  116  10:18  Probe  
  116  10:19  Pylon  
  117  10:24  Pylon  
  117  10:29  Archon  
  117  10:37  Probe x2  
  117  10:39  High Templar x2, Zealot  
  125  10:44  Pylon  
  125  10:45  Pylon  
  125  10:46  Archon  
  125  10:47  High Templar x2  
  125  10:49  Photon Cannon  
  129  10:51  Photon Cannon  
  129  10:52  Photon Cannon  
  129  10:54  Archon, Zealot x2  
  133  10:58  Pylon  
  133  11:07  Shield Battery  
  133  11:08  High Templar  
  133  11:09  High Templar  
  133  11:11  Zealot x2  
  141  11:12  Archon  
  141  11:17  High Templar  
  143  11:36  High Templar x2, Zealot x2  
  143  11:37  Zealot  
  143  11:39  Immortal  
  153  11:42  Archon  
  156  11:59  Pylon x2  
  156  12:00  Pylon  
  156  12:01  Pylon  
  156  12:12  Nexus  
  156  12:16  Pylon  
  156  12:20  Immortal  
  156  12:21  High Templar  
  156  12:22  High Templar, Zealot x6  
  172  12:28  Archon  
  111  12:47  Zealot x6  
Show
View Real Time Build Order
Export as new Build Order

Stats Protoss - Winner!

Build Orders: Oracle Opening, Phoenix Opening 

Get SALT Encoding   

  12  0:00  Probe  
  13  0:13  Probe  
  14  0:18  Pylon  
  14  0:24  Probe  
  15  0:32  Probe  
  15  0:38  Gateway  
  15  0:40  Probe  
  16  0:47  Assimilator  
  17  0:51  Probe  
  17  0:55  Assimilator  
  18  0:59  Probe  
  19  1:07  Probe  
  19  1:15  Gateway  
  19  1:18  Probe  
  21  1:26  Cybernetics Core  
  21  1:30  Probe  
  22  1:37  Pylon  
  22  1:42  Probe  
  23  1:55  Probe  
  24  2:02  Stalker  
  24  2:03  Sentry, Warp Gate  
  28  2:14  Pylon  
  28  2:36  Stargate, Phoenix  
  27  2:48  Stalker x2  
  31  2:59  Nexus  
  31  3:06  Probe  
  32  3:14  Oracle  
  32  3:16  Shield Battery  
  32  3:18  Probe  
  36  3:33  Robotics Facility  
  36  3:36  Shield Battery  
  36  3:37  Pylon  
  36  3:39  Shield Battery  
  36  3:45  Probe  
  36  3:48  Gateway  
  37  3:56  Pylon  
  37  4:08  Stalker x2  
  37  4:09  Probe  
  41  4:21  Observer  
  40  4:29  Probe  
  37  4:44  Immortal  
  41  4:46  Probe  
  42  4:56  Nexus  
  42  5:09  Probe  
  43  5:14  Sentry x2  
  47  5:21  Probe  
  47  5:26  Immortal  
  52  5:35  Probe  
  53  5:43  Probe  
  53  5:45  Forge  
  51  5:57  Probe  
  51  6:02  Stalker  
  54  6:10  Probe x2  
  52  6:18  Probe x2  
  52  6:23  Protoss Ground Weapons Level 1  
  54  6:28  Stalker x2  
  54  6:29  Stalker  
  54  6:30  Probe x2  
  58  6:45  Probe x2  
  60  6:54  Probe  
  60  6:58  Probe  
  62  7:02  Assimilator  
  62  7:04  Warp Prism, Probe  
  62  7:06  Assimilator  
  65  7:10  Probe  
  66  7:16  Probe  
  66  7:22  Probe, Twilight Council  
  68  7:28  Probe  
  69  7:34  Probe  
  70  7:40  Pylon x2  
  70  7:52  Protoss Ground Weapons Level 2  
  70  7:54  Pylon  
  70  7:55  Gateway x2  
  70  7:57  Gateway  
  70  8:00  Charge  
  70  8:11  Nexus  
  70  8:24  Immortal  
  74  8:29  Templar Archives  
  74  8:33  Sentry  
  76  8:38  Gateway  
  76  8:39  Gateway  
  76  8:54  Pylon  
  76  8:57  Photon Cannon  
  76  9:14  High Templar x4  
  76  9:16  Shield Battery  
  84  9:20  Archon, Zealot x2  
  84  9:21  Archon  
  88  9:28  Probe x3  
  91  9:31  Protoss Ground Weapons Level 3  
  91  9:34  Zealot x2  
  93  9:45  Phoenix  
  93  9:50  Photon Cannon  
  95  9:55  High Templar x2, Zealot x2  
  95  9:56  Zealot x3  
  109  10:05  Archon  
  109  10:09  Pylon  
  109  10:10  Pylon  
  109  10:13  Probe x2  
  111  10:15  Probe  
  111  10:20  Pylon  
  112  10:23  Pylon  
  112  10:27  Probe x3  
  115  10:32  High Templar x2  
  119  10:36  Archon  
  119  10:40  Zealot x3  
  125  10:49  Assimilator  
  125  10:50  Assimilator, Pylon  
  125  10:52  High Templar  
  125  10:53  High Templar  
  129  11:00  Archon  
  129  11:05  Zealot x5  
  129  11:07  Zealot  
  141  11:17  Pylon  
  141  11:19  Pylon  
  141  11:24  Probe x3  
  144  11:36  High Templar x2  
  148  11:42  High Templar x2, Zealot  
  148  11:43  Zealot x3  
  160  11:47  Archon x2  
  160  11:54  Pylon  
  160  11:56  Pylon  
  160  11:58  Pylon  
  160  12:03  Photon Cannon  
  160  12:05  Photon Cannon  
  160  12:17  High Templar x2, Zealot x4  
  160  12:18  Zealot  
  160  12:19  Zealot  
  160  12:21  Archon  
  156  12:39  Zealot x6  
  134  12:50  Zealot x2  

Tags
 
Add a new tag
Caveats
  • Supply blocks, unpowered buildings, or Contaminate may cause inaccurate times.
  • Supply counts are checked every 10 seconds.